 Dungeon Crawl Stone Soup version 0.31-a0-675-g238779eb0a (webtiles) character file.

Game seed: 12776023292575287545

5 avis the Ducker (level 1, 9/9 HPs)
             Began as a Felid Shapeshifter on Sept 6, 2023.
             Got out of the dungeon alive.
             The game lasted 00:01:27 (412 turns).

avis the Ducker (Felid Shapeshifter)                 Turns: 412, Time: 00:01:28

Health: 9/9        AC:  1    Str: 10    XL:     1   Next: 66%
Magic:  2/2        EV: 18    Int: 11    God:
Gold:   0          SH:  0    Dex: 15    Spells: 0/0 levels left
                                        Lives:  0   Deaths: 1

rFire   . .          .
                       - Unarmed
rCold   . . .        (shield unavailable)
rNeg    . . .        (body armour unavailable)
rPois   .            (helmet unavailable)
rElec   .            (cloak unavailable)
rCorr   .            (gloves unavailable)
SInv    +            (boots unavailable)
Will    .....        (no amulet)
Stlth   +            (no ring)
HPRegen 0.21/turn    (no ring)
MPRegen 0.08/turn

%: no passive effects
@: beast-form, quick
A: beast (slay +1), very small, claws 1, fangs 3, see invisible, speed 1, shaggy
fur 1, stealthy paws, no weapons or thrown items, no armour, multi-lived
a: Begin Untransformation


You escaped.
You were a hulking beast.
You visited 1 branch of the dungeon, and saw 1 of its levels.

Inventory:

Talismans
 b - a beast talisman (active)
 c - a flux talisman
Scrolls
 e - a scroll of noise {unknown}
 g - a scroll of brand weapon {unknown}
 h - a scroll of amnesia {unknown}
 k - a scroll of torment {unknown}
Potions
 a - a potion of lignification
 d - a potion of haste {unknown}
 f - a potion of might {unknown}
 i - 3 potions of heal wounds {unknown}
 j - a potion of curing {unknown}


   Skills:
 - Level 1.0 Fighting
 * Level 3.4 Dodging
 - Level 3.0 Unarmed Combat
 - Level 3.2 Shapeshifting


You couldn't memorise any spells.
You didn't know any spells.
Your spell library was empty.

Dungeon Overview and Level Annotations

Branches:
Dungeon (1/15)

Altars:


Innate Abilities, Weirdness & Mutations

You are a hulking beast.
Your limbs bulge with bestial killing power. (Slay +1)
You have sharp claws.
You have razor-sharp teeth.
You have supernaturally acute eyesight. (SInv)
You cover ground quickly. (Speed+)
You are covered in fur. (AC +1)
Your paws help you pounce on unaware monsters.
You are incapable of wielding weapons or throwing items.
You cannot wear armour.
You gain extra lives every three experience levels.


Message History

Things that are here:
a +0 dagger; a kobold corpse A hobgoblin comes into view.
The hobgoblin shouts!
The hobgoblin completely misses you.
You claw the hobgoblin!
You kill the hobgoblin!
Your Dodging skill increases to level 3!
A kobold comes into view. It is wielding a +0 dagger.
You scratch the kobold.
You kill the kobold!
h - a scroll labelled WAHUSH VIDO
i - an orange potion
Found a stone staircase leading down.
A ball python comes into view.
The ball python hisses angrily.
A quokka comes into view.
Found a short sword, a war axe and a grey potion.
You scratch the ball python.
You kill the ball python!
You see here a +0 short sword.
You miss the quokka. Your bite misses the quokka. The quokka bites you.
You scratch the quokka.
The quokka is severely wounded.
The quokka completely misses you.
You claw the quokka!
You kill the quokka!
j - a grey potion HP restored.
You see here a +0 short sword.
You see here 4 stones.
k - a scroll labelled RULE CORUEMAOSTAR
Found a stone staircase leading down.
i - 3 orange potions (gained 2)
Found 2 stones.
Done exploring.
You open the door.
There is an open door here.
There is a staircase leading out of the dungeon here.
You have escaped!

♣♣♣♣♣♣♣♣♣♣♣###
♣h.........'.##
♣...♣♣♣♣♣P♣#..#
♣....♣P♣♣.♣##.#
♣.♣....P♣P♣ #.#
♣.♣P.⌠....♣ #.#
♣.♣♣...)♣♣♣##.###
♣.♣P...♣♣ #....#
♣.♣♣♣.♣♣ #....#
♣.....♣ #...(#


There were no monsters in sight!

Vanquished Creatures
  A hobgoblin (D:1)
  2 kobolds (D:1)
  A quokka (D:1)
  A ball python (D:1)
5 creatures vanquished.

Notes
Turn   | Place    | Note
-------+----------+-------------------------------------------
     0 | D:1      | avis the Felid Shapeshifter began the quest for the Orb.
     0 | D:1      | Reached XP level 1. HP: 9/9 MP: 2/2
    45 | D:1      | Slain by a kobold
   412 | D:$      | Got out of the dungeon alive.

Illustrated notes

Levels and vault maps discovered:
D:1:      psy_arrival_fountain, layout_rooms

Skill      XL: |  1 |
---------------+----+-----
Dodging        | 3 |  3.4
Fighting       | |  1.0
Unarmed Combat | |  3.0
Shapeshifting  | |  3.2

Action                     || total
---------------------------++-------
  Melee: Unarmed           ||     9
 Armour: Skin              ||     4
  Dodge: Dodged            ||     2

Table legend: (Time is in decaauts)
 A = Elapsed time spent in this place.
 B = Non-inter-level travel time spent in this place.
 C = Inter-level travel time spent in this place.
 D = Time resting spent in this place.
 E = Time spent auto-exploring this place.
 F = Levels seen in this place.
 G = Mean time per level.
                   A        B        C        D        E       F      G
               +--------+--------+--------+--------+--------+-----+--------+
         Total |    334 |    326 |      8 |      0 |    267 |   1 |  334.0 |
       Dungeon |    334 |    326 |      8 |      0 |    267 |   1 |  334.0 |
               +--------+--------+--------+--------+--------+-----+--------+

Top non-repeatable levels by time:
     D:1: 334 daAuts
